 Dungeon Crawl Stone Soup version 0.30-a0-600-gb7c8574cbb (webtiles) character file.

Game seed: 6601733925535349539

26382 M4edhros the Covert (level 13, 0/90 HPs)
             Began as an Octopode Artificer on Jan 7, 2023.
             Was a High Priest of Cheibriados.
             Slain by a freezing wraith (5 damage)
             ... on level 14 of the Dungeon.
             The game lasted 00:21:13 (13816 turns).

M4edhros the Covert (Octopode Artificer)           Turns: 13816, Time: 00:21:14

Health: 0/90       AC:  5    Str: 31    XL:     13   Next: 25%
Magic:  3/14       EV: 21    Int: 28    God:    Cheibriados [*****.]
Gold:   264        SH: 13    Dex: 31    Spells: 9/12 levels left

rFire   + . .      SeeInvis .      - Unarmed
rCold   + . .      Faith    .    x - +3 kite shield of Narcissism {Slay+3}
rNeg    . . .      Spirit   .    (helmet restricted)
rPois   .          Reflect  .    O - amulet of regeneration
rElec   +          Harm     .    e - ring "Powyoch" {rElec Str+6}
rCorr   .          Rampage  .    i - ring of protection from cold
Will    +....                    r - ring of willpower
Stlth   +++++++                  y - ring of protection from fire
HPRegen 1.15/turn                H - ring of flight
MPRegen 0.14/turn                K - +4 ring of protection
                                 (no ring)
                                 (no ring)

@: flying, very slow
A: almost no armour, amphibious, 8 rings, camouflage 1, gelatinous body 1,
(nimble swimmer 1), tentacles
a: Renounce Religion, Bend Time, Temporal Distortion, Slouch, Step From Time


You were on level 14 of the Dungeon.
You worshipped Cheibriados.
Cheibriados was extremely pleased with you.
You visited 2 branches of the dungeon, and saw 15 of its levels.
You visited 1 bazaar.

You collected 858 gold pieces.
You spent 594 gold pieces at shops.

Inventory:

Hand Weapons
 h - a +1 halberd of protection
Missiles
 l - 44 poisoned darts (quivered)
Armour
 x - the +3 kite shield of Narcissism (worn) {Slay+3}
   (You acquired it on level 13 of the Dungeon)

   Slay:      It affects your accuracy & damage with ranged weapons and melee
   (+3).
 N - a +0 buckler
Jewellery
 e - the ring "Powyoch" (left tentacle) {rElec Str+6}
   (You found it on level 2 of the Dungeon)

   [ring of strength]

   Str:       It affects your strength (+6).
   rElec:     It insulates you from electricity.
 i - a ring of protection from cold (right tentacle)
 r - a ring of willpower (on tentacle)
 w - an amulet of guardian spirit
 y - a ring of protection from fire (on tentacle)
 H - a ring of flight (on tentacle)
 K - a +4 ring of protection (on tentacle)
 O - an amulet of regeneration (around mantle)
Wands
 b - a wand of flame (22)
 g - a wand of roots (9)
 s - a wand of polymorph (11)
 B - a wand of digging (1)
 L - a wand of mindburst (6)
 M - a wand of paralysis (6)
Scrolls
 a - 13 scrolls of identify {unknown}
 c - a scroll of fear {unknown}
 f - 3 scrolls of enchant weapon {unknown}
 j - 3 scrolls of magic mapping
 k - 10 scrolls of teleportation
 n - a scroll of poison
 v - a scroll of vulnerability
 A - a scroll of fog
 D - a scroll of noise
 E - 2 scrolls of blinking
 F - a scroll of silence
Potions
 d - 3 potions of flight
 m - 3 potions of curing
 o - 2 potions of attraction
 p - 5 potions of cancellation
 q - 3 potions of haste
 t - 4 potions of mutation {unknown}
 u - 4 potions of brilliance
 z - 2 potions of degeneration {unknown}
 C - 3 potions of heal wounds {unknown}
 G - a potion of magic {unknown}
 I - a potion of resistance {unknown}
 J - a potion of berserk rage


   Skills:
 + Level 8.8 Fighting
 - Level 11.2 Polearms
 + Level 9.2 Dodging
 + Level 12.3 Stealth
 * Level 5.0 Unarmed Combat
 + Level 3.8 Conjurations
 + Level 3.8 Air Magic
 + Level 4.6 Poison Magic
 * Level 2.2 Invocations
 - Level 9.1 Evocations


You had 9 spell levels left.
You knew the following spells:

 Your Spells              Type           Power      Damage    Failure   Level
a - Mephitic Cloud        Conj/Pois/Air  22%        N/A       22%         3

Your spell library contained the following spells:

 Spells                   Type           Power      Damage    Failure   Level
 Poisonous Vapours        Pois/Air       46%        N/A       11%         2
 Cigotuvi's Dreadful Rot  Necr/Pois/Air  30%        N/A       21%         2
 Spider Form              Tmut/Pois      12%        N/A       43%         3
 Ensorcelled Hibernation  Hex/Ice        0%         N/A       52%         2
 Anguish                  Hex/Necr       0%         N/A       99%         4


Dungeon Overview and Level Annotations

Branches:
Dungeon (14/15)            Temple (1/1) D:7            Lair (0/5) D:10
    Orc (0/2) D:10
 Vaults: D:13-14

Altars:
Ashenzari
Cheibriados
Dithmenos
Fedhas
Gozag
Hepliaklqana
Kikubaaqudgha
Makhleb
Nemelex Xobeh
Okawaru
Qazlal
Ru
Sif Muna
Trog
Uskayaw
Vehumet
Wu Jian
Xom
Yredelemnul
Zin
The Shining One


Innate Abilities, Weirdness & Mutations

You cannot wear most types of armour.
You are amphibious.
You can wear up to eight rings at the same time.
Your skin changes colour to match your surroundings (Stealth+).
Your rubbery body absorbs attacks. (AC +1, EV +1)
((You are camouflaged when in or above water. (Stealth+)))
You have tentacles for arms and can constrict up to eight enemies at once.


Message History

* * * LOW HITPOINT WARNING * * *
Okay, then.
Aiming: Fastroot
Press: ? - help, Shift-Dir - straight line, f - vault guard
Aim: a vault guard, wielding a +1 battleaxe and wearing a +0 chain mail (almost dead)
Okay, then.
Okay, then.
You tentacle-slap the vault guard but do no damage.
You grab the vault guard.
The vault guard is almost dead.
You constrict the vault guard. The freezing wraith closely misses you.
The freezing wraith hits you but does no damage.
You block the vault guard's attack.
You tentacle-slap the vault guard.
You kill the vault guard!
Cheibriados thoroughly appreciates the change of pace.
The freezing wraith hits you!
* * * LOW HITPOINT WARNING * * *
The freezing wraith freezes you. You resist.
* * * LOW HITPOINT WARNING * * *
The freezing wraith closely misses you.
Your Unarmed Combat skill increases to level 5!
You feel better. You block the freezing wraith's attack.
The freezing wraith hits you.
* * * LOW HITPOINT WARNING * * *
You feel better. You block the freezing wraith's attack.
The freezing wraith hits you.
* * * LOW HITPOINT WARNING * * *
You feel better.
The freezing wraith hits you but does no damage. x2
A vault guard comes into view. It is wielding a +0 great sword.
You barely miss the freezing wraith.
The freezing wraith is almost destroyed.
You block the freezing wraith's attack. x2
You tentacle-slap the freezing wraith.
The freezing wraith is almost destroyed.
The freezing wraith hits you!
* * * LOW HITPOINT WARNING * * *
The freezing wraith freezes you. You resist.
You die...

#######
#######...#####
##...###...###..
##....###...###).
##..#..##.....##..
#.)##..#...#...#..
#..###....###....#
#@)###....###....#
#W)####...###...##
..p.###############
#...## #..## ###


You could see a vault guard and a freezing wraith.

Vanquished Creatures
  A hydra (D:14)
  A centaur warrior (D:14)
  A vault guard (D:14)
  4 two-headed ogres
  A death knight (D:14)
  A boulder beetle (D:11)
  A tengu warrior (D:10)
  A swamp dragon (shapeshifter) (D:10)
  An orc sorcerer (D:14)
  6 ugly things
  A manticore (D:14)
  A cyclops (D:12)
  6 slime creatures
  Maggie (D:6)
  3 gargoyles
  An unseen horror (D:11)
  A komodo dragon (D:10)
  A yaktaur (D:14)
  3 tengu conjurers
  6 trolls
  A meliai (shapeshifter) (D:14)
  A shadow (D:12)
  4 wraiths
  Eustachio (D:6)
  25 yaks
  4 vampire mosquitoes (D:11)
  Grum (D:9)
  2 steam dragons
  Menkaure (D:5)
  Edmund (D:4)
  A water moccasin (D:7)
  4 orc warriors
  A sky beast (D:8)
  An ice beast (D:6)
  3 wolves (D:9)
  5 centaurs
  3 phantoms
  Blork the orc (D:6)
  2 gnoll sergeants
  3 kobold brigands
  A bullfrog (D:8)
  A scorpion (D:4)
  24 wights
  20 killer bees
  9 howler monkeys
  A jelly (D:7)
  2 hounds (D:5)
  A gnoll bouda (D:7)
  7 orc priests
  Terence (D:2)
  3 iguanas
  Ijyb (D:4)
  Natasha (D:3)
  21 orc wizards
  16 gnolls
  8 adders
  A shadow imp (D:7)
  A dart slug (D:1)
  62 orcs
  9 ball pythons
  9 endoplasms
  5 giant cockroaches
  9 goblins
  9 hobgoblins
  9 jackals
  3 bats
  A frilled lizard (D:2)
  14 kobolds
  4 rats
360 creatures vanquished.

Vanquished Creatures (collateral kills)
  An electric eel (D:6)
  An endoplasm (D:4)
  A kobold (D:6)
3 creatures vanquished.

Vanquished Creatures (others)
  2 yaks (D:9)
  A killer bee (D:8)
  A jelly (D:7)
  An orc wizard (D:5)
  An orc (D:4)
  4 plants (D:6)
10 creatures vanquished.

Grand Total: 373 creatures vanquished

Notes
Turn   | Place    | Note
-------+----------+-------------------------------------------
     0 | D:1      | M4edhros the Octopode Artificer began the quest for the
                  | Orb.
     0 | D:1      | Reached XP level 1. HP: 13/13 MP: 1/1
   124 | D:2      | Found a blossoming altar of Fedhas.
   134 | D:2      | Identified the ring "Powyoch" {rElec Str+6}
   189 | D:2      | Reached skill level 2 in Stealth
   189 | D:2      | Reached skill level 1 in Unarmed Combat
   189 | D:2      | Reached XP level 2. HP: 15/18 MP: 2/2
   294 | D:4      | Found a shimmering blue altar of Sif Muna.
   328 | D:4      | Reached XP level 3. HP: 9/23 MP: 3/3
   329 | D:4      | Noticed a phantom
   357 | D:4      | Noticed Edmund
   366 | D:5      | Entered Level 5 of the Dungeon
   371 | D:5      | HP: 1/23 [iguana (13)]
   566 | D:5      | Reached XP level 4. HP: 19/28 MP: 4/4
   694 | D:5      | Reached XP level 5. HP: 27/34 MP: 5/5
   737 | D:5      | Found a stormy altar of Qazlal.
   738 | D:5      | Noticed an air elemental
   739 | D:5      | Noticed a fire elemental
   740 | D:5      | Noticed a water elemental
   755 | D:5      | Reached skill level 3 in Stealth
   758 | D:5      | Reached XP level 6. HP: 39/39 MP: 6/6
   911 | D:6      | Noticed an ice beast
   922 | D:6      | Killed an ice beast
   923 | D:6      | Reached skill level 1 in Polearms
   923 | D:6      | Reached skill level 4 in Stealth
   986 | D:6      | Noticed Maggie
   999 | D:6      | Killed Maggie
  1000 | D:6      | Reached XP level 7. HP: 28/46 MP: 7/7
  1079 | D:6      | Noticed Eustachio
  1089 | D:6      | Killed Eustachio
  1090 | D:6      | Reached skill level 5 in Stealth
  1090 | D:6      | Reached skill level 5 in Evocations
  1221 | D:6      | Reached XP level 8. HP: 19/52 MP: 8/8
  1614 | D:6      | Noticed Blork the orc
  1619 | D:6      | Reached skill level 6 in Stealth
  1835 | D:6      | Killed Blork the orc
  2050 | D:6      | Found an opulent altar of Gozag.
  2111 | D:7      | Found a shadowy altar of Dithmenos.
  2122 | D:7      | Reached skill level 5 in Polearms
  2122 | D:7      | Reached skill level 5 in Dodging
  2127 | D:7      | Reached XP level 9. HP: 39/59 MP: 3/9
  2508 | D:7      | Found a staircase to the Ecumenical Temple.
  2544 | D:7      | HP: 1/59 [orc priest/divine providence (17)]
  2588 | Temple   | Entered the Ecumenical Temple
  2826 | D:7      | Reached skill level 7 in Stealth
  3018 | D:7      | Found a shimmering altar of Xom.
  3147 | D:7      | Reached skill level 5 in Fighting
  3671 | D:5      | Noticed Menkaure
  3674 | D:5      | Killed Menkaure
  3878 | D:4      | Found a snail-covered altar of Cheibriados.
  3914 | D:4      | Killed Edmund
  3948 | D:4      | Noticed Ijyb
  3999 | D:4      | Became a worshipper of Cheibriados the Contemplative
  4306 | D:2      | Noticed Terence
  4315 | D:2      | Killed Terence
  4354 | D:2      | Reached * piety under Cheibriados
  4769 | D:1      | Reached ** piety under Cheibriados
  4999 | D:1      | Found a faded altar of an unknown god.
  5605 | D:3      | Noticed Natasha
  5614 | D:3      | Killed Natasha
  5845 | D:4      | Killed Ijyb
  5990 | D:4      | Reached *** piety under Cheibriados
  6079 | D:4      | Reached skill level 8 in Stealth
  6091 | D:4      | Found a hazy altar of Hepliaklqana.
  6182 | D:5      | Reached XP level 10. HP: 66/66 MP: 10/10
  6750 | D:8      | Reached **** piety under Cheibriados
  6849 | D:8      | Found an ancient bone altar of Kikubaaqudgha.
  6994 | D:8      | Reached skill level 9 in Stealth
  7153 | D:8      | Found a hide-covered altar of Uskayaw.
  7619 | D:9      | Noticed a two-headed ogre
  7759 | D:9      | Reached XP level 11. HP: 74/74 MP: 11/11
  7862 | D:9      | Found a large runed translucent door.
  7869 | D:9      | Found a large runed translucent door.
  7903 | D:9      | Found an iron altar of Okawaru.
  7912 | D:9      | Found a glowing golden altar of the Shining One.
  8042 | D:9      | Noticed Grum
  8062 | D:9      | Killed Grum
  8279 | D:9      | Killed a two-headed ogre
  8280 | D:9      | Reached skill level 10 in Stealth
  8548 | D:9      | Found a burning altar of Makhleb.
  8609 | D:9      | Reached ***** piety under Cheibriados
  8898 | D:10     | Entered Level 10 of the Dungeon
  8970 | D:10     | Found a sparkling altar of Nemelex Xobeh.
  9179 | D:10     | Found a staircase to the Orcish Mines.
  9182 | D:10     | Found a staircase to the Lair.
  9196 | D:10     | Learned a level 3 spell: Mephitic Cloud
  9612 | D:10     | Noticed a tengu warrior
  9983 | D:10     | Noticed a two-headed ogre
  9991 | D:10     | Killed a two-headed ogre
 10176 | D:10     | Noticed a two-headed ogre
 10192 | D:10     | Killed a two-headed ogre
 10193 | D:10     | Reached skill level 10 in Polearms
 10197 | D:10     | Killed a tengu warrior
 10496 | D:10     | Noticed a catoblepas
 10702 | D:10     | Noticed a swamp dragon
 10711 | D:10     | Killed a swamp dragon
 10712 | D:10     | Reached skill level 11 in Stealth
 10929 | D:11     | Reached XP level 12. HP: 64/82 MP: 12/12
 11105 | D:11     | Noticed a boulder beetle
 11126 | D:11     | Killed a boulder beetle
 11127 | D:11     | Reached skill level 1 in Conjurations
 11127 | D:11     | Reached skill level 1 in Air Magic
 11127 | D:11     | Reached skill level 1 in Poison Magic
 13128 | D:13     | Identified a scroll of acquirement
 13195 | D:13     | Noticed a two-headed ogre
 13199 | D:13     | Killed a two-headed ogre
 13213 | D:13     | Found a flickering gateway to a bazaar.
 13225 | Bazaar   | Entered a bazaar
 13236 | Bazaar   | Found Taeleive's General Store.
 13244 | Bazaar   | Found Kikob's Jewellery Shoppe.
 13246 | Bazaar   | Found Xukyabor's Antique Armour Boutique.
 13251 | Bazaar   | Found Matroli's Armour Shoppe.
 13259 | Bazaar   | Found Meuxkask's Antique Weapon Boutique.
 13319 | Bazaar   | Bought a +4 ring of protection for 324 gold pieces
 13319 | Bazaar   | Bought an amulet of regeneration for 270 gold pieces
 13335 | Bazaar   | Acquired the +3 kite shield of Narcissism {Slay+3}
 13506 | D:14     | Noticed a six-headed hydra
 13514 | D:14     | Killed a six-headed hydra
 13560 | D:14     | Reached ****** piety under Cheibriados
 13683 | D:14     | Reached skill level 12 in Stealth
 13698 | D:14     | Reached XP level 13. HP: 39/89 MP: 13/13
 13796 | D:14     | Reached skill level 1 in Invocations
 13802 | D:14     | Noticed a vault guard
 13811 | D:14     | Killed a vault guard
 13811 | D:14     | HP: 1/90 [freezing wraith (4)]
 13812 | D:14     | Reached skill level 5 in Unarmed Combat
 13814 | D:14     | Noticed a vault guard
 13816 | D:14     | Slain by a freezing wraith

Illustrated notes

Levels and vault maps discovered:
D:1:      scummos_arrival_simple_fountains, layout_loops_ring,
          shapermc_ecumenical_altar_pompeii
D:2:      layout_loops_ring, basic_altar, minmay_misc_feat_tiny,
          hangedman_decor_growths, minmay_small_reverse_x, uniq_terence
D:3:      layout_loops_ring, elyvilon_altar_1, kennysheep_doodads,
          uniq_crazy_yiuf_cottage, uniq_natasha
D:4:      layout_cave_pools, lemuel_tele_altar,
          nicolae_hepliaklqana_hippocampus, mainiacjoe_overflow_boulevard,
          uniq_edmund, uniq_ijyb
D:5:      layout_gridville, nicolae_qazlal_style_of_elements, uniq_menkaure
D:6:      layout_basic, kennysheep_mini_moat, serial_bayou_crossing,
          uniq_blork_the_orc, uniq_maggie, uniq_eustachio
D:7:      layout_cave_pools, general_overflow_altar,
          mainiacjoe_overflow_six_doors_small, minmay_temple_entry_sparse_star,
          dk_noncrumbling_2, chequers_hall_statues_wall_a
D:8:      layout_basic, kennysheep_mini, nicolae_kikubaaqudgha_miasma_corner
D:9:      layout_roguey, jmf_multi_god_temple2, overflow_temple_1_default,
          grunt_decor_resistance, uniq_grum
D:10:     kennysheep_blocky_room, layout_layer_cave,
          mainiacjoe_overflow_24_doors
D:11:     layout_irregular_city
D:12:     layout_basic, serial_co_window_serial, co_window_of_opportunity_a,
          co_window_corner_a, co_window_paths_b, co_window_of_opportunity_a,
          co_window_paths_b, co_window_cross_4, co_window_broadway_c,
          co_window_unsneaky_path_e, co_window_broadway_b,
          co_window_unsneaky_path_c, glass_columns_a, glass_columns_c,
          glass_columns_c, glass_columns_c, glass_columns_b, lemuel_flame_loot_1
D:13:     layout_long_grid, serial_shops, bzr_firewalk
D:14:     layout_basic, grunt_vaults_entry_fortified, serial_rivers,
          chequers_serial_rivers_micro_c, chequers_serial_rivers_room_b,
          chequers_serial_rivers_micro_e, chequers_serial_rivers_marsh,
          chequers_serial_rivers_micro_e, nicolae_trove_entry_isolated,
          hangedman_glass_teeth
Temple:   nicolae_temple_colour_theory

Skill      XL: |  1  2  3  4  5  6  7  8  9 10 11 12 13 |
---------------+----------------------------------------+-----
Stealth        | 2 3 4 5 6 8 9 11 12 | 12.3
Unarmed Combat | 1 2 3 4 5 |  5.0
Dodging        | 3 4 5 6 7 8 9 |  9.2
Fighting       | 2 3 4 5 6 7 8 |  8.8
Evocations     | 4 5 6 8 9 |  9.1
Polearms       | 2 3 5 7 8 10 11 | 11.2
Conjurations   | 3 |  3.8
Air Magic      | 3 |  3.8
Poison Magic   | 4 |  4.6
Invocations    | 2 |  2.2

Action                   |  1- 3 |  4- 6 |  7- 9 | 10-12 | 13-15 || total
-------------------------+-------+-------+-------+-------+-------++-------
Melee: Unarmed           |    40 |    10 |       |    73 |    29 ||   152
       Tentacles         |     9 |     5 |    50 |   113 |    10 ||   187
       Constrict         |    10 |     7 |    53 |    55 |     6 ||   131
       Halberd           |       |    23 |   285 |   398 |       ||   706
       Punch             |       |       |     9 |    15 |     3 ||    27
Throw: Dart              |       |       |       |     3 |       ||     3
 Cast: Mephitic Cloud    |       |       |       |     4 |     2 ||     6
Invok: Slouch            |       |       |       |     2 |     1 ||     3
Evoke: Wand              |     8 |    13 |    10 |    19 |     3 ||    53
  Use: Potion            |       |       |     2 |     7 |     4 ||    13
       Scroll            |       |       |       |    10 |       ||    10
 Stab: Sleeping          |     2 |     2 |    46 |    27 |       ||    77
       Distracted        |       |       |     3 |     3 |       ||     6
       Paralysed         |       |       |       |     8 |       ||     8
       Confused          |       |       |       |     4 |     4 ||     8
Armor: Skin              |       |     9 |    44 |    69 |     4 ||   126
Dodge: Dodged            |    19 |    14 |   180 |   427 |    26 ||   666
Block: Kite shield       |       |       |       |    44 |    28 ||    72

Table legend: (Time is in decaauts)
 A = Elapsed time spent in this place.
 B = Non-inter-level travel time spent in this place.
 C = Inter-level travel time spent in this place.
 D = Time resting spent in this place.
 E = Time spent auto-exploring this place.
 F = Levels seen in this place.
 G = Mean time per level.
                   A        B        C        D        E       F      G
               +--------+--------+--------+--------+--------+-----+--------+
         Total |  18953 |  18186 |    767 |    451 |  14407 |  16 | 1184.6 |
       Dungeon |  18490 |  17728 |    762 |    451 |  14066 |  14 | 1320.7 |
        Temple |    229 |    224 |      5 |      0 |    218 |   1 |  229.0 |
        Bazaar |    232 |    232 |      0 |      0 |    123 |   1 |  232.0 |
               +--------+--------+--------+--------+--------+-----+--------+

Top non-repeatable levels by time:
    D:10: 3075 daAuts
    D:12: 2131 daAuts
     D:9: 1768 daAuts
     D:8: 1690 daAuts
    D:11: 1625 daAuts
     D:6: 1390 daAuts
     D:5: 1309 daAuts
     D:7: 1042 daAuts
     D:1: 1039 daAuts
     D:3: 911 daAuts
     D:4: 864 daAuts
     D:2: 708 daAuts
    D:14: 480 daAuts
    D:13: 451 daAuts
  Bazaar: 232 daAuts
